 Dungeon Crawl Stone Soup version 0.29.1-14-g9c671dbff4 (webtiles) character file.

Game seed: 7759427873326005215

333860 Gabide the Shatterer (level 22, -11/180 (190) HPs)
             Began as a Formicid Berserker on Feb 13, 2023.
             Was a High Priest of Trog.
             Mangled by an ettin
             ... wielding a +0 great mace
              (20 damage)
             ... on level 2 of the Depths.
             The game lasted 01:49:58 (36869 turns).

Gabide the Shatterer (Formicid Berserker)          Turns: 36869, Time: 01:49:59

HP:   -11/180 (190) AC: 29    Str: 44    XL:     22   Next: 81%
MP:   31/31         EV: 15    Int: 10    God:    Trog [*****.]
Gold: 3283          SH:  0    Dex: 13    Spells: 21/21 levels left

rFire   + + .      SeeInvis +   V - +3 giant spiked club "Ogrebane" {vorpal, rN+ Str+5}
rCold   + + +      Faith    .   (shield currently unavailable)
rNeg    + . .      Spirit   .   q - +3 gold dragon scales
rPois   +          Reflect  .   (helmet unavailable)
rElec   +          Harm     .   R - +2 cloak {rCorr}
rCorr   +          Rampage  .   d - +2 pair of gloves
Will    ++++.                   j - +2 pair of boots {Stlth+}
Stlth   ..........              y - amulet of regeneration
HPRegen 2.20/turn               M - ring of protection from fire
MPRegen 0.22/turn               i - ring "Vudyr" {rElec rC++ MP+9 Str+6 Int+3}

@: strong-willed, regenerating, studying Dodging, drained
A: permanent stasis, dig shafts and tunnels, antennae 3, four strong arms
}: 2/15 runes: decaying, gossamer
a: Dig, Shaft Self, Renounce Religion, Trog's Hand, Brothers in Arms


You were on level 2 of the Depths.
You worshipped Trog.
Trog was extremely pleased with you.
You visited 7 branches of the dungeon, and saw 34 of its levels.
You also visited: Bailey.

You collected 4083 gold pieces.
You spent 800 gold pieces at shops.

Inventory:

Hand Weapons
 B - the +7 great mace "Nyzya" {vorpal, Fly rPois rCorr}
   (You found it on level 12 of the Dungeon)

   It inflicts extra damage upon your enemies.
   rPois:     It protects you from poison.
   Fly:       It grants you flight.
   rCorr:     It protects you from acid and corrosion.
 L - the +0 giant club of Woe {antimagic, rPois rF- rC+ rN+++}
   (Trog gifted it to you on level 1 of the Orcish Mines)

   It reduces the magical energy of the wielder, and disrupts the spells and
   magical abilities of those it strikes.
   Natural abilities and divine invocations are not affected.
   rF:        It makes you vulnerable to fire.
   rC:        It protects you from cold.
   rPois:     It protects you from poison.
   rN:        It renders you almost immune to negative energy.
 O - the +10 giant club of Peurat {antimagic, rF+ Will- SInv}
   (Trog gifted it to you on level 13 of the Dungeon)

   It reduces the magical energy of the wielder, and disrupts the spells and
   magical abilities of those it strikes.
   Natural abilities and divine invocations are not affected.
   rF:        It protects you from fire.
   SInv:      It lets you see invisible.
   Will:      It decreases your willpower.
 Q - the +6 giant club "Wim Sozo" {vorpal, *Rage Dex+8 SInv}
   (Trog gifted it to you on level 2 of the Vaults)

   It inflicts extra damage upon your enemies.
   Dex:       It affects your dexterity (+8).
   SInv:      It lets you see invisible.
   *Rage:     It berserks you when you make melee attacks (+20% chance).
 S - a +9 spectral giant spiked club
 V - the +3 giant spiked club "Ogrebane" (weapon) {vorpal, rN+ Str+5}
   (Trog gifted it to you on level 2 of the Vaults)

   It inflicts extra damage upon your enemies.
   Str:       It affects your strength (+5).
   rN:        It protects you from negative energy.
Missiles
 a - 4 silver javelins (quivered)
Armour
 d - a +2 pair of gloves (worn)
 j - a +2 pair of boots of stealth (worn)
 q - +3 gold dragon scales (worn)
 F - quicksilver dragon scales
 R - a +2 cloak of preservation (worn)
Jewellery
 g - the ring "Cusm" {rPois rC+}
   (You acquired it in a bailey)

   [ring of protection from cold]

   rC:        It protects you from cold.
   rPois:     It protects you from poison.
 i - the ring "Vudyr" (right hand) {rElec rC++ MP+9 Str+6 Int+3}
   (You acquired it in a bailey)

   [ring of strength]

   Str:       It affects your strength (+6).
   Int:       It affects your intelligence (+3).
   rC:        It greatly protects you from cold.
   rElec:     It insulates you from electricity.
   MP:        It affects your magic capacity (+9).
 y - an amulet of regeneration (around neck)
 E - a ring of positive energy
 M - a ring of protection from fire (left hand)
 N - a +6 ring of strength
 U - a ring of flight
 W - a ring of protection from fire
 Z - a +4 ring of protection
Wands
 t - a wand of mindburst (40)
 v - a wand of light (11)
 z - a wand of paralysis (16)
 C - a wand of digging (18)
 D - a wand of roots (5)
 H - a wand of flame (35)
 Y - a wand of polymorph (1)
Scrolls
 f - 3 scrolls of butterflies
 h - 3 scrolls of enchant weapon
 m - 3 scrolls of vulnerability
 o - 5 scrolls of poison
 r - 8 scrolls of immolation
 s - 5 scrolls of brand weapon
 w - a scroll of torment
 x - 2 scrolls of summoning
 A - 5 scrolls of fear
Potions
 b - 13 potions of curing
 c - a potion of resistance
 e - 8 potions of attraction
 k - 8 potions of mutation
 l - a potion of heal wounds
 n - 2 potions of cancellation
 p - 6 potions of ambrosia
 G - 2 potions of flight
 I - 6 potions of lignification
 K - a potion of might
 T - 2 potions of magic
 X - 3 potions of invisibility
Miscellaneous
 u - a phial of floods
 P - a box of beasts


   Skills:
 - Level 20.0 Fighting
 - Level 25.0 Maces & Flails
 - Level 8.0 Armour
 + Level 18.7 Dodging
 - Level 15.0 Evocations


You had 21 spell levels left.
You didn't know any spells.
Your spell library was empty.

Dungeon Overview and Level Annotations

Branches:
Dungeon (15/15)            Temple (0/1) D:4            Lair (5/5) D:10
  Swamp (4/4) Lair:3       Spider (4/4) Lair:3        Slime (0/5) Lair:5
    Orc (2/2) D:12            Elf (0/3) Orc:2        Vaults (2/5) D:14
  Crypt (0/3) Vaults:2     Depths (2/4) D:15         Bailey (visited)

Altars:
Ashenzari
Cheibriados
Dithmenos
Fedhas
Gozag
Kikubaaqudgha
Nemelex Xobeh
Okawaru
Qazlal
Sif Muna
Trog
Uskayaw
Vehumet
Wu Jian
Xom
Yredelemnul
Zin
Jiyva

Shops:
Orc:2 :*([:(

Portals:
Hell: Depths:1 Depths:2
Abyss: Depths:2
Pandemonium: Depths:2
Trove: D:13 (give 5 scrolls of butterflies)

Annotations:
D:11 3 runed translucent doors, exclusion: obsidian statue, ANNNA's ghost, journeyman GnEE
D:13 exclusion: statue
Lair:2 2 transporters, Qucvyi Areg's ghost, journeyman DrTm
Depths:1 1 runed translucent door, exclusion: orange crystal statue


Innate Abilities, Weirdness & Mutations

You cannot be hasted, slowed, berserked, paralysed or teleported.
You can dig through walls and to a lower floor.
You have a pair of large antennae on your head. (SInv)
Your four strong arms can wield two-handed weapons with a shield.


Message History

The ettin hits you with a +0 great mace!!!
Items here: ))) [ ††.
You barely miss the ettin. The shadow dragon closely misses you.
The shadow dragon claws you.
The shadow dragon claws you but does no damage.
The ettin barely misses you.
The ettin hits you with a +0 great mace!!
You bludgeon the ettin!!
The ettin is moderately wounded.
You impale the shadow dragon!!
The shadow dragon is lightly wounded.
The ettin hits you with a +0 great mace!!
* * * LOW HITPOINT WARNING * * *
The ettin hits you with a +0 great mace.
* * * LOW HITPOINT WARNING * * *
The walking crystal tome erupts in a flurry of living spells!
The shadow dragon bites you but does no damage.
The shadow dragon claws you but does no damage. x2
You closely miss the shadow dragon.
The shadow dragon is lightly wounded.
The shadow dragon bites you!
* * * LOW HITPOINT WARNING * * *
You partially resist.
You feel drained.
* * * LOW HITPOINT WARNING * * *
The shadow dragon claws you but does no damage.
The shadow dragon completely misses you.
The ettin closely misses you.
The ettin hits you with a +0 great mace!!
* * * LOW HITPOINT WARNING * * *
You feel much better. The shadow dragon bites you.
* * * LOW HITPOINT WARNING * * *
You partially resist.
You feel drained. The shadow dragon misses you.
The shadow dragon completely misses you.
The ettin hits you with a +0 great mace!
* * * LOW HITPOINT WARNING * * *
The ettin hits you with a +0 great mace!!
* * * LOW HITPOINT WARNING * * *
The ettin attacks as you move away!
The ettin hits you with a +0 great mace!!
You die...

........... #....# ........#
?[⌠;) #....# .......##. .... #
#....# #.....####. ...{ .# #....#
###.....###. ... #.# #....#
..##.....###.##*## #..# #....#
.##......(# ..;{{##..######.....
##......### ###C###..............
#....####.. #..D@)...............
#..###....# #...###...#######...#
+......# +...# #...# #...#
#.(###?.⌠.8 ##..# #...# #...#
#.)[.####.. #..# #...# #....
##......######..# #...# #....
.##.))....##....###...#######....
..##.[.(.##............).......##
...###'###............)))......#


You could see a shadow dragon, a walking crystal tome, an ettin and a living
crystal spell (summoned).

Vanquished Creatures
  Margery (Vaults:2)
  2 golden dragons (Depths:1)
  Arachne (Spider:3)
  Jorgrun (D:13)
  2 liches (Depths:2)
  Frances (D:12)
  2 sphinxes (D:12)
  2 thorn hunters (Swamp:4)
  2 tengu reavers (D:12)
  A draconian monk (Depths:1)
  A fenstrider witch (Swamp:4)
  A fire giant (Depths:2)
  3 frost giants
  2 emperor scorpions (Spider:4)
  An iron dragon (Depths:2)
  The ghost of Kefanin the Geomancer, an adept GrEE of Vehumet (D:15)
  A draconian scorcher (Depths:1)
  3 orc warlords
  5 vault wardens
  The ghost of burt the Thaumaturge, a journeyman DrCj of Vehumet (Orc:1)
  Aizul (Spider:4)
  6 ghost moths
  A spriggan defender (Depths:1)
  A draconian stormcaller (Depths:1)
  5 ironbound preservers
  2 ghouls
  A draconian annihilator (Depths:1)
  6 broodmothers
  8 stone giants
  6 eleionomae
  Nessos (Lair:3)
  2 vampire knights
  4 ironbound thunderhulks
  A black draconian (Depths:1)
  2 bunyips
  3 entropy weavers
  9 dire elephants
  A minotaur (D:15)
  Azrael (Spider:1)
  8 spark wasps
  4 ettins
  3 fire dragons (Depths:2)
  2 jiangshi
  A deep elf high priest (Vaults:2)
  Josephine (D:11)
  A statue (D:13)
  A crystal guardian (Vaults:2)
  4 yaktaur captains
  2 great orbs of eyes (Vaults:1)
  Fannar (Lair:2)
  2 vault guards (Vaults:1)
  3 ice dragons (Depths:2)
  A salamander tyrant (D:13)
  2 ogre magi (D:13)
  Erolcha (Orc:2)
  10 boulder beetles
  5 rakshasas
  An anaconda (Swamp:2)
  20 hydras
  6 ghost crabs
  A peacekeeper (Vaults:2)
  8 ironbound frosthearts
  A catoblepas (Lair:1)
  7 centaur warriors
  3 two-headed ogres
  3 dancing weapons
  5 radroaches
  3 jorogumos
  7 alligators
  12 death yaks
  4 tengu warriors
  A deep troll earth mage (Depths:2)
  2 orc high priests
  Urug (Lair:2)
  3 hell knights
  A spriggan berserker (Swamp:4)
  A vampire mage (Depths:2)
  5 pharaoh ants
  A flayed ghost (Depths:2)
  A goliath frog (Swamp:3)
  A sea snake (shapeshifter) (Vaults:2)
  7 spriggan druids
  24 deep trolls
  6 orb spiders
  A deep troll (shapeshifter) (D:15)
  14 wizards
  5 harpies (Vaults:1)
  6 deep elf pyromancers
  8 bog bodies
  6 steelbarb worms
  4 swamp dragons
  6 lindwurms
  10 ironbound convokers
  21 ugly things
  A deep elf zephyrmancer (D:13)
  28 wolf spiders
  3 necromancers
  11 orc knights
  5 cyclopes
  8 orc sorcerers
  4 manticores
  A will-o-the-wisp (Swamp:1)
  4 moths of wrath
  A salamander (shapeshifter) (D:14)
  Maurice (D:11)
  7 black mambas
  2 water nymphs (Swamp:1)
  2 centaur skeletons (D:15)
  2 torpor snails
  9 vault sentinels
  9 demonic crawlers
  11 rime drakes
  23 cane toads
  7 komodo dragons
  A kobold demonologist (Bailey)
  A komodo dragon (shapeshifter) (D:15)
  An unseen horror (D:12)
  18 yaktaurs
  A yaktaur (shapeshifter) (Depths:2)
  4 tengu conjurers
  12 trolls
  An entropy weaver simulacrum (Lair:4)
  4 meliai
  4 polar bears
  13 tyrant leeches
  30 tarantellas
  27 blink frogs
  13 hornets
  6 dream sheep (Lair:5)
  26 slime creatures
  29 jumping spiders
  4 wraiths
  2 wyverns
  A dire elephant simulacrum (Lair:4)
  27 culicivoras
  17 spriggans
  5 water elementals
  A fire elemental (Spider:1)
  5 basilisks
  A hog (shapeshifter) (D:14)
  37 yaks
  2 steam dragons (Lair:4)
  Grum (D:11)
  82 redbacks
  22 vampire mosquitoes
  Edmund (D:3)
  A harpy simulacrum (D:15)
  3 wargs (D:10)
  16 swamp worms
  An acid dragon (Lair:4)
  3 hell hounds
  15 water moccasins
  14 swamp drakes
  2 sky beasts (D:7)
  3 black bears
  39 orc warriors
  An ice beast (D:5)
  4 ogres
  19 wolves
  A boggart (Vaults:2)
  2 centaurs
  2 kobold brigands
  3 necrophages
  6 gnoll sergeants
  3 scorpions
  17 bullfrogs
  7 wights
  48 killer bees
  6 howler monkeys
  17 electric eels
  A lava snake (D:8)
  2 jellies
  10 hounds
  16 orc priests
  3 gnoll boudas
  Terence (D:3)
  Jessica (D:3)
  3 iguanas
  28 orc wizards
  A troll simulacrum (Lair:4)
  2 polar bear simulacra (Lair:4)
  11 adders
  33 gnolls
  A naga simulacrum (Lair:4)
  3 white imps
  An ufetubus (D:5)
  A worm (D:2)
  3 dart slugs
  105 orcs
  7 bats
  5 endoplasms
  5 giant cockroaches
  7 hobgoblins
  7 jackals
  3 quokkas
  7 ball pythons
  2 frilled lizards (D:2)
  17 goblins
  14 kobolds
  4 rats
1438 creatures vanquished.

Vanquished Creatures (collateral kills)
  Roxanne (Spider:1)
  A frost giant (Vaults:2)
  A fire giant (Depths:2)
  A ghoul (Swamp:2)
  A deep elf demonologist (Vaults:2)
  A deep elf annihilator (Vaults:2)
  An ettin (Depths:2)
  A deep elf death mage (Vaults:2)
  2 hydras (Swamp:4)
  An ogre mage (Vaults:2)
  A glowing orange brain (Vaults:2)
  3 necromancers (Vaults:2)
  A wizard (Vaults:2)
  A black mamba (shapeshifter) (Vaults:2)
  A cane toad (Lair:2)
  2 meliai (D:12)
  2 tyrant leeches (Swamp:2)
  2 tarantellas (Spider:3)
  A blink frog (Lair:2)
  A redback (Spider:3)
  A swamp drake (Swamp:4)
27 creatures vanquished.

Vanquished Creatures (others)
  A war gargoyle (Vaults:2)
  A hydra (Swamp:4)
  3 bloated husks
  2 swamp worms (Swamp:4)
  An orc warrior (Orc:2)
  2 orcs (Orc:2)
  4 foxfires (Swamp:1)
  33 fungi
  151 plants
198 creatures vanquished.

Grand Total: 1663 creatures vanquished

Notes
Turn   | Place    | Note
-------+----------+-------------------------------------------
     0 | D:1      | Gabide the Formicid Berserker began the quest for the Orb.
     0 | D:1      | Reached XP level 1. HP: 18/18 MP: 1/1
   338 | D:1      | Reached XP level 2. HP: 24/24 MP: 2/2
   449 | D:1      | Found a faded altar of an unknown god.
   852 | D:2      | Reached XP level 3. HP: 29/29 MP: 3/3
   980 | D:2      | Reached ** piety under Trog
  1076 | D:2      | Reached XP level 4. HP: 37/37 MP: 4/4
  1144 | D:2      | Reached skill level 4 in Maces & Flails
  1517 | D:2      | Found a bloodstained altar of Trog.
  1590 | D:3      | Found a sparkling altar of Nemelex Xobeh.
  1622 | D:3      | Found a hide-covered altar of Uskayaw.
  1692 | D:3      | Reached XP level 5. HP: 26/42 MP: 5/5
  2070 | D:3      | Noticed Jessica
  2075 | D:3      | Killed Jessica
  2090 | D:3      | Noticed Terence
  2129 | D:3      | Killed Terence
  2130 | D:3      | Reached XP level 6. HP: 40/49 MP: 6/6
  2604 | D:4      | Noticed a black bear
  2700 | D:3      | Killed a black bear
  2701 | D:3      | Reached skill level 5 in Maces & Flails
  2784 | D:4      | Found an iron altar of Okawaru.
  2834 | D:4      | Noticed Edmund
  3115 | D:3      | Killed Edmund
  3116 | D:3      | Reached skill level 5 in Fighting
  3116 | D:3      | Reached XP level 7. HP: 46/56 MP: 7/7
  3228 | D:4      | Reached skill level 6 in Maces & Flails
  3235 | D:4      | Found a staircase to the Ecumenical Temple.
  3955 | D:5      | Entered Level 5 of the Dungeon
  3957 | D:5      | Noticed a water moccasin
  3992 | D:4      | Killed a water moccasin
  3993 | D:4      | Reached XP level 8. HP: 23/64 MP: 8/8
  4231 | D:5      | Reached skill level 7 in Maces & Flails
  5098 | D:5      | Reached skill level 5 in Dodging
  5105 | D:5      | Reached skill level 8 in Maces & Flails
  5105 | D:5      | Reached XP level 9. HP: 68/71 MP: 9/9
  5320 | D:5      | Reached *** piety under Trog
  5518 | D:5      | Found a shimmering blue altar of Sif Muna.
  5519 | D:5      | Found an ancient bone altar of Kikubaaqudgha.
  5519 | D:5      | Found a radiant altar of Vehumet.
  5705 | D:5      | Reached skill level 11 in Maces & Flails
  5705 | D:5      | Reached XP level 10. HP: 83/83 MP: 10/10
  5888 | D:6      | Found a shimmering altar of Xom.
  5992 | D:6      | Reached skill level 12 in Maces & Flails
  6759 | D:6      | Found a stormy altar of Qazlal.
  7989 | D:8      | Reached skill level 10 in Fighting
  8302 | D:8      | Reached XP level 11. HP: 73/90 MP: 11/11
  8351 | D:9      | Found a flagged portal.
  8364 | Bailey   | Entered a bailey
  8604 | Bailey   | Found an iron altar of Okawaru.
  8604 | Bailey   | Noticed an orc high priest
  8611 | Bailey   | Noticed a sixfirhy
  8616 | Bailey   | Killed an orc high priest
  8616 | Bailey   | Reached **** piety under Trog
  8617 | Bailey   | Reached skill level 13 in Maces & Flails
  8637 | Bailey   | Acquired the ring "Cusm" {rPois rC+}
  8643 | Bailey   | Acquired the ring "Vudyr" {rElec rC++ MP+9 Str+6 Int+3}
  9552 | D:9      | Found a glowing silver altar of Zin.
  9727 | D:10     | Entered Level 10 of the Dungeon
  9800 | D:10     | Reached ***** piety under Trog
  9813 | D:10     | Found an ornate altar of the Wu Jian Council.
  9884 | D:10     | Found a broken altar of Ashenzari.
 10165 | D:10     | Noticed a two-headed ogre
 10171 | D:10     | Killed a two-headed ogre
 10267 | D:10     | Noticed a two-headed ogre
 10268 | D:10     | Found a staircase to the Lair.
 10274 | D:10     | Killed a two-headed ogre
 10279 | D:10     | Reached XP level 12. HP: 89/100 MP: 12/12
 10339 | D:10     | Reached skill level 14 in Maces & Flails
 10344 | D:10     | Found a blossoming altar of Fedhas.
 10448 | Lair:1   | Entered Level 1 of the Lair of Beasts
 10639 | Lair:1   | Noticed a catoblepas
 10659 | Lair:1   | Killed a catoblepas
 11283 | Lair:1   | Noticed a six-headed hydra
 11288 | Lair:1   | Killed a six-headed hydra
 11430 | Lair:2   | Noticed Fannar
 11436 | Lair:2   | Reached skill level 15 in Maces & Flails
 11438 | Lair:2   | Reached skill level 10 in Dodging
 11448 | Lair:2   | Killed Fannar
 11467 | Lair:2   | Noticed a boulder beetle
 11481 | Lair:2   | Killed a boulder beetle
 11482 | Lair:2   | Reached XP level 13. HP: 102/108 MP: 13/13
 11626 | Lair:2   | Noticed Urug
 11633 | Lair:2   | Killed Urug
 11671 | Lair:2   | Found a transporter.
 11676 | Lair:2   | Noticed Qucvyi Areg's ghost (journeyman DrTm)
 11679 | Lair:2   | Found a bloodstained altar of Trog.
 11911 | Lair:2   | Reached skill level 16 in Maces & Flails
 11958 | Lair:2   | Found a transporter.
 12019 | Lair:2   | Identified the +6 war axe of Egomania {venom, Fly Str+2}
 12174 | Lair:3   | Noticed Nessos
 12179 | Lair:3   | Noticed a five-headed hydra
 12182 | Lair:3   | Killed Nessos
 12253 | Lair:3   | Killed a five-headed hydra
 12374 | Lair:3   | Found a hole to the Spider Nest.
 12394 | Lair:3   | Noticed a six-headed hydra
 12400 | Lair:3   | Killed a six-headed hydra
 12498 | Lair:3   | Found a staircase to the Swamp.
 12649 | Lair:3   | Reached XP level 14. HP: 105/118 MP: 14/14
 13020 | Lair:4   | Received a gift from Trog
 13246 | Lair:4   | Reached skill level 17 in Maces & Flails
 13677 | Lair:4   | Identified the +1 plate armour of Inviolability {rPois rF++
                  | Int-2 Dex+2}
 14371 | Lair:5   | Entered Level 5 of the Lair of Beasts
 14597 | Lair:5   | Received a gift from Trog
 14753 | Lair:5   | Reached skill level 18 in Maces & Flails
 14759 | Lair:5   | Reached XP level 15. HP: 89/127 MP: 15/15
 15299 | Lair:5   | Found a runed translucent door.
 15299 | Lair:5   | Found a viscous altar of Jiyva.
 15300 | Lair:5   | Found a staircase to the Slime Pits.
 15933 | D:11     | Noticed Josephine
 15944 | D:11     | Killed Josephine
 16042 | D:11     | Noticed Grum
 16054 | D:11     | Killed Grum
 16128 | D:11     | Found a runed translucent gate.
 16129 | D:11     | Found a runed translucent gate.
 16254 | D:11     | Found a snail-covered altar of Cheibriados.
 16398 | D:11     | Noticed Maurice
 16403 | D:11     | Killed Maurice
 16423 | D:11     | Received a gift from Trog
 16497 | D:11     | Found a runed translucent gate.
 16498 | D:11     | Found an opulent altar of Gozag.
 16499 | D:11     | Noticed a storm dragon
 16499 | D:11     | Noticed ANNNA's ghost (journeyman GnEE)
 17073 | D:12     | Found a staircase to the Orcish Mines.
 17226 | D:12     | Identified the +7 great mace "Nyzya" {vorpal, Fly rPois
                  | rCorr}
 17345 | D:12     | Reached skill level 15 in Fighting
 17461 | D:12     | Noticed Frances
 17468 | D:12     | Killed Frances
 17746 | D:12     | Noticed a tengu reaver
 17752 | D:12     | Reached skill level 19 in Maces & Flails
 17752 | D:12     | Reached XP level 16. HP: 136/136 MP: 16/16
 17753 | D:12     | Noticed a sphinx
 17761 | D:12     | Killed a tengu reaver
 17768 | D:12     | Killed a sphinx
 17795 | D:12     | Noticed a sphinx
 17800 | D:12     | Noticed a tengu reaver
 17802 | D:12     | Killed a sphinx
 17807 | D:12     | Killed a tengu reaver
 17831 | D:12     | Identified the +2 shortbow "Hulk" {venom, rElec Dex+4}
 17976 | D:13     | Identified the +10 giant club of Peurat {antimagic, rF+
                  | Will- SInv} (Trog gifted it to you on level 13 of the
                  | Dungeon)
 17976 | D:13     | Received a gift from Trog
 18132 | D:13     | Found a portal to a secret trove of treasure.
 18718 | D:13     | Found a radiant altar of Vehumet.
 18718 | D:13     | Noticed Jorgrun
 18727 | D:13     | Killed Jorgrun
 18728 | D:13     | Reached XP level 17. HP: 143/143 MP: 8/17
 18893 | D:13     | Reached skill level 20 in Maces & Flails
 19651 | D:14     | Found a shadowy altar of Dithmenos.
 19919 | D:14     | Found a gate to the Vaults.
 20295 | D:15     | Entered Level 15 of the Dungeon
 20410 | D:15     | Found a runed translucent gate.
 20411 | D:15     | Found a runed translucent gate.
 20412 | D:15     | Found a runed translucent gate.
 20473 | D:15     | Noticed Kefanin's ghost (adept GrEE)
 20704 | D:15     | Found a staircase to the Depths.
 21034 | D:15     | Killed Kefanin's ghost
 21303 | Swamp:1  | Entered Level 1 of the Swamp
 21682 | Swamp:1  | Received a gift from Trog
 21708 | Swamp:1  | Reached skill level 21 in Maces & Flails
 21857 | Swamp:1  | Reached XP level 18. HP: 119/153 MP: 18/18
 23110 | Swamp:2  | Reached ****** piety under Trog
 23808 | Swamp:4  | Entered Level 4 of the Swamp
 23820 | Swamp:3  | Received a gift from Trog
 23821 | Swamp:3  | Reached skill level 22 in Maces & Flails
 24126 | Swamp:4  | Reached skill level 15 in Dodging
 24238 | Swamp:4  | Reached skill level 5 in Armour
 24610 | Swamp:4  | Reached XP level 19. HP: 161/161 MP: 19/19
 24662 | Swamp:4  | Got a decaying rune of Zot
 24920 | Spider:1 | Entered Level 1 of the Spider Nest
 25308 | Spider:1 | Received a gift from Trog
 25763 | Spider:1 | Identified Roxanne's Volume of Changing
 25763 | Spider:1 | Noticed Roxanne
 25775 | Spider:1 | Killed Roxanne
 26387 | Spider:2 | Noticed Azrael
 26503 | Spider:1 | Killed Azrael
 27412 | Spider:3 | Received a gift from Trog
 27463 | Spider:3 | Reached skill level 23 in Maces & Flails
 27853 | Spider:4 | Entered Level 4 of the Spider Nest
 27871 | Spider:4 | Noticed Arachne
 27879 | Spider:3 | Killed Arachne
 28025 | Spider:4 | Reached XP level 20. HP: 170/170 MP: 20/20
 28050 | Spider:4 | Received a gift from Trog
 28569 | Spider:4 | Noticed Aizul
 28578 | Spider:4 | Killed Aizul
 28806 | Spider:4 | Found the +0 mask of the Dragon {Will+ Slay+3 SInv}
 29080 | Spider:4 | Got a gossamer rune of Zot
 29335 | Orc:1    | Entered Level 1 of the Orcish Mines
 29558 | Orc:1    | Identified the +0 giant club of Woe {antimagic, rPois rF-
                  | rC+ rN+++} (Trog gifted it to you on level 1 of the Orcish
                  | Mines)
 29558 | Orc:1    | Received a gift from Trog
 29600 | Orc:1    | Found a runed translucent door.
 29601 | Orc:1    | Found a shimmering altar of Xom.
 29601 | Orc:1    | Noticed burt's ghost (journeyman DrCj)
 29881 | Orc:1    | Killed burt's ghost
 29915 | Orc:2    | Entered Level 2 of the Orcish Mines
 29945 | Orc:2    | Found Cihoral's Vocational Training.
 30069 | Orc:2    | Found Puraug's Weapon Shop.
 30074 | Orc:2    | Noticed Erolcha
 30086 | Orc:2    | Killed Erolcha
 30376 | Orc:2    | Received a gift from Trog
 30422 | Orc:2    | Found Pineidwo's Antique Armour Shop.
 30474 | Orc:2    | Found Pitzotee's Book Shop.
 30483 | Orc:2    | Found a staircase to the Elven Halls.
 30511 | Orc:2    | Found Yzic's General Store.
 30642 | Orc:2    | Found Mitsim's Antique Weapon Shop.
 30808 | Orc:2    | Bought a manual of Evocations for 800 gold pieces
 31034 | Vaults:1 | Entered Level 1 of the Vaults
 31109 | Vaults:1 | Reached skill level 24 in Maces & Flails
 31587 | Vaults:1 | Reached XP level 21. HP: 180/180 MP: 21/21
 31626 | Vaults:1 | Reached skill level 1 in Evocations
 31660 | Vaults:1 | Reached skill level 5 in Evocations
 31952 | Vaults:1 | Received a gift from Trog
 32365 | Vaults:1 | Reached skill level 10 in Evocations
 32780 | Vaults:2 | Noticed Margery
 32805 | Vaults:2 | Killed Margery
 33007 | Vaults:2 | Found a staircase to the Crypt.
 33007 | Vaults:2 | Found an ancient bone altar of Kikubaaqudgha.
 33008 | Vaults:2 | Found a basalt altar of Yredelemnul.
 33110 | Vaults:2 | Identified the +6 giant club "Wim Sozo" {vorpal, *Rage
                  | Dex+8 SInv} (Trog gifted it to you on level 2 of the
                  | Vaults)
 33110 | Vaults:2 | Received a gift from Trog
 33174 | Vaults:2 | Reached skill level 15 in Evocations
 33790 | Vaults:2 | Reached XP level 22. HP: 188/188 MP: 22/22
 33906 | Vaults:2 | Found a transporter.
 33907 | Vaults:2 | Found a radiant altar of Vehumet.
 33985 | Vaults:2 | Identified the +3 giant spiked club "Ogrebane" {vorpal, rN+
                  | Str+5} (Trog gifted it to you on level 2 of the Vaults)
 33985 | Vaults:2 | Received a gift from Trog
 34130 | Vaults:2 | Found a transporter.
 34362 | Depths:1 | Entered Level 1 of the Depths
 34397 | Depths:1 | Found a runed translucent door.
 34973 | Depths:1 | Found a gateway to Hell.
 35109 | Depths:1 | Noticed a golden dragon
 35216 | Depths:1 | Killed a golden dragon
 35223 | Depths:1 | Found the +2 hat of the Bear Spirit {Spirit, *Rage Will++}
 35568 | Depths:1 | Noticed a golden dragon
 35588 | Depths:1 | Killed a golden dragon
 35761 | Depths:1 | Identified the +1 robe of Misanthropy {Slay+2}
 36293 | Depths:2 | Found a one-way gate to the infinite horrors of the Abyss.
 36513 | Depths:2 | Identified the +4 giant spiked club of Trog's Approval
                  | {vorpal, *Corrode rElec rF+ Will++} (Trog gifted it to you
                  | on level 2 of the Depths)
 36513 | Depths:2 | Received a gift from Trog
 36596 | Depths:2 | Found a one-way gate leading to the halls of Pandemonium.
 36624 | Depths:2 | Reached skill level 25 in Maces & Flails
 36868 | Depths:2 | HP: 9/180 [ettin/+0 great mace (19)]
 36869 | Depths:2 | Mangled by an ettin

Illustrated notes

Levels and vault maps discovered:
D:1:      minmay_arrival_shattered_statue, layout_basic,
          hellmonk_ecumenical_altar_crossroads
D:2:      layout_basic, basic_altar, minmay_ruptured
D:3:      layout_basic, nemelex_diamond_rough_becter,
          nicolae_uskayaw_murder_on_the_dancefloor, kennysheep_jessica_study,
          uniq_terence
D:4:      layout_cave_pools, okawaru_gym_becter,
          minmay_temple_entry_purple_smoke, uniq_edmund
D:5:      layout_cave_pods, grunt_temple_overflow_magic_moments, st_stairs_13
D:6:      layout_loops_ring, grunt_qazlal_sundering, kennysheep_little_box,
          hangedman_decor_peaks_small
D:7:      layout_basic, grunt_decor_one_mirror
D:8:      layout_basic, kennysheep_cluttered_room,
          chequers_serial_rivers_micro_b
D:9:      layout_big_octagon, zin_scriptorium, enter_bailey_2,
          serial_gnoll_camp, gnoll_camp_mini_doghouse, gnoll_camp_mini_house,
          gnoll_camp_mini_sergeant, gnoll_camp_huts_basic
D:10:     layout_loops_ring, mainiacjoe_overflow_cross_hatched,
          marbit_many_paths, mainiacjoe_overflow_catwalk,
          erik_lair_orcish_takeover
D:11:     layout_basic, ebering_ghost_gozag, kennysheep_slug_shrine,
          uniq_maurice, uniq_josephine, uniq_grum
D:12:     minmay_sliced_demisemicircle, layout_irregular_city,
          hiddenorc2_lemuel, minmay_door_square, serial_bayou_lake_a,
          uniq_frances
D:13:     evilmike_halls_of_destruction, layout_stronghold,
          nicolae_trove_entry_diagonal, kennysheep_boxes
D:14:     erik_rubicon_a, layout_irregular_city, erik_vaults_1,
          nicolae_concentric_dashed_squares_wild,
          nicolae_dithmenos_shadow_blocks
D:15:     grunt_enter_depths_magical_seal, layout_irregular_city,
          chequers_garden, maelrawn_ghost_gauntlet_escape
Lair:1:   wad_woods_minihive, layout_long_grid, infiniplex_staircase_pool_2,
          lemuel_fruit_fields, lemuel_fruit_tree
Lair:2:   layout_cave_shapes, gammafunk_ghost_wrathful_warriors, uniq_fannar,
          uniq_urug
Lair:3:   layout_loops_ring, minmay_swamp_entry_worms, spider_nest_entry_rubble,
          grunt_megastairs_1, uniq_nessos
Lair:4:   dreamdust_isle_of_ice, layout_small_grid, guppyfry_lair_drakes,
          infiniplex_staircase_pool
Lair:5:   minmay_lair_end_frog_pond, layout_concentric_octagons, slime_entry_2,
          st_stairs_13, hangedman_lair_unloving_vines
Swamp:1:  layout_basic_swamp, hangedman_swamp_ruin_hall, swamp_pool1,
          nicolae_swamp_nymph_family_reunion
Swamp:2:  layout_basic_swamp, evilmike_swamp_ruin_house_3,
          nicolae_swamp_snake_nest
Swamp:3:  layout_basic_swamp, evilmike_swamp_ruin_rubble_1
Swamp:4:  swamp_basic_johnstein, layout_basic_swamp
Spider:1: layout_spider_delve, drop_trap, uniq_roxanne
Spider:2: layout_spider_delve, uniq_azrael
Spider:3: layout_spider_delve
Spider:4: guppyfry_spider_rune, uniq_arachne, uniq_aizul
Orc:1:    layout_caves, ebering_ghost_xom
Orc:2:    grunt_orc_gardens, layout_diamond_mine, grunt_orc_garden,
          grunt_orc_garden, grunt_orc_garden, grunt_orc_garden, serial_shops,
          nicolae_shop_bloodbath_and_beyond, nicolae_shop_vocational,
          uniq_erolcha
Vaults:1: hangedman_vaults_locks, v_rooms_1, nicolae_vaults_diagonal_hallway_8,
          vaults_mumra_minichess_inversion, ontoclasm_vaults_spin,
          ontoclasm_vaults_ligature, nicolae_vaults_diagonal_hallway_9,
          vaults_room_grunt_arrival_ludios, nicolae_vaults_big_ls,
          layout_vaults_omnigrid
Vaults:2: ontoclasm_vaults_loading_screen, hangedman_vaults_unwind,
          minmay_crypt_entry_necro_gods, gammafunk_sealed_library,
          grunt_vaults_trifunnel, ontoclasm_vaults_ring_square,
          grunt_vaults_swirl, hangedman_vaults_stream, grunt_vaults_funnel,
          nicolae_vaults_little_squares_5, vaults_room_semicircle, v_misc_12,
          nicolae_vaults_diagonal_hallway_7, ontoclasm_vaults_decontamination,
          vaults_room_hallway, layout_vaults_maze, uniq_margery
Depths:1: gold_lair_mu, layout_basic, nicolae_eternal_life,
          hangedman_tar_grid_catacomb, minmay_crystal_box
Depths:2: minmay_the_grid_octo_triangle [minmay_the_grid_octo_empty,
          minmay_the_grid_octo_prize_big_c,
          minmay_the_grid_octo_vomiting_pacman], layout_small_grid, hell_entry,
          pan_entry, abyss_entry, lemuel_blue_sif_altar

Skill      XL: |  1  2  3  4  5  6  7  8  9 10 11 12 13 14 15 16 17 18 19 20 21 22 |
---------------+-------------------------------------------------------------------+-----
Dodging        | 2 3 4 5 7 8 9 10 11 12 13 14 15 16 17 18 | 18.7
Maces & Flails | 4 5 6 8 11 12 13 15 16 18 19 21 22 23 24 25 | 25.0
Fighting       | 4 5 6 9 10 11 12 13 14 15 16 17 18 19 20 | 20.0
Armour         | 8 |  8.0
Evocations     | 15 | 15.0

Action                   |  1- 3 |  4- 6 |  7- 9 | 10-12 | 13-15 | 16-18 | 19-21 | 22-24 || total
-------------------------+-------+-------+-------+-------+-------+-------+-------+-------++-------
Melee: Mace              |    68 |   117 |       |       |       |       |       |       ||   185
       Punch             |     1 |     1 |     3 |     5 |    13 |     4 |       |       ||    27
       Flail             |       |    33 |   200 |    47 |       |       |       |       ||   280
       Dire flail        |       |       |       |   514 |   575 |       |       |       ||  1089
       Giant club        |       |       |       |       |   128 |   329 |   109 |   144 ||   710
       Great mace        |       |       |       |       |    27 |   345 |     6 |    48 ||   426
       Giant spiked club |       |       |       |       |       |    20 |   858 |    42 ||   920
Throw: Stone             |    48 |       |       |       |       |       |       |       ||    48
       Boomerang         |       |     1 |     7 |     2 |     6 |    55 |    55 |     4 ||   130
       Javelin           |       |       |       |       |       |     6 |       |     2 ||     8
       Throwing net      |       |       |       |       |       |     1 |       |       ||     1
Invok: Trog's Hand       |       |     3 |     4 |     3 |     9 |    15 |    16 |     3 ||    53
       Brothers in Arms  |       |       |       |       |     2 |     2 |     2 |     4 ||    10
Evoke: Wand              |       |       |       |     7 |       |     1 |     6 |     9 ||    23
       Box of beasts     |       |       |       |       |       |       |       |     1 ||     1
  Use: Scroll            |       |     7 |     6 |    19 |     6 |     3 |     1 |     5 ||    47
       Potion            |       |     3 |     5 |       |     1 |     3 |    14 |     1 ||    27
 Stab: Distracted        |       |       |       |     8 |    13 |     1 |    13 |     2 ||    37
       Petrified         |       |       |       |     8 |       |       |       |       ||     8
       Sleeping          |       |       |       |     1 |     2 |     3 |       |       ||     6
       Paralysed         |       |       |       |       |       |       |     1 |       ||     1
       Confused          |       |       |       |       |       |       |       |     1 ||     1
Armor: Animal skin       |     3 |       |       |       |       |       |       |       ||     3
       Chain mail        |    31 |   103 |   158 |   193 |       |       |       |       ||   485
       Quicksilver drago |       |       |       |    35 |   227 |   302 |   457 |    12 ||  1033
       Gold dragon scale |       |       |       |       |       |       |       |    99 ||    99
Dodge: Dodged            |    30 |    82 |   125 |   294 |   455 |   480 |   921 |   167 ||  2554
Block: Buckler           |       |       |       |       |       |     4 |       |       ||     4
